 Dungeon Crawl Stone Soup version 0.32-a0-960-g3814254bd7 (webtiles) character file.

Game seed: 1653183904038753662

37 Anon1729 the Chopper (level 3, -2/29 HPs)
             Began as a Human Chaos Knight on Apr 17, 2024.
             Was a Plaything of Xom.
             Slain by an adder (3 damage)
             ... on level 1 of the Dungeon.
             The game lasted 00:02:07 (854 turns).

Anon1729 the Chopper (Human Chaos Knight)            Turns: 854, Time: 00:02:08

Health: -2/29      AC:  5    Str: 14    XL:     3   Next: 39%
Magic:  3/3        EV: 10    Int: 12    God:    Xom [..*...]
Gold:   81         SH:  0    Dex: 12    Spells: 2/2 levels left

rFire   . . .        a - +0 hand axe (chaos)
rCold   . . .        (no shield)
rNeg    . . .        b - +2 leather armour
rPois   .            (no helmet)
rElec   .            (no cloak)
rCorr   .            (no gloves)
SInv    .            (no boots)
Will    .....        (no amulet)
Stlth   +            (no ring)
HPRegen 0.24/turn    (no ring)
MPRegen 0.08/turn

%: no passive effects
@: lethally poisoned (-2 -> -5), attractive
A: explore regen
a: Renounce Religion


You were on level 1 of the Dungeon.
You worshipped Xom.
You were a toy of Xom.
You visited 1 branch of the dungeon, and saw 2 of its levels.

You collected 81 gold pieces.

Inventory:

Hand Weapons
 a - a +0 hand axe of chaos (weapon)
Armour
 b - a +2 leather armour (worn)
 i - a +2 pair of gloves
Scrolls
 c - a scroll of butterflies
 d - 4 scrolls of teleportation {unknown}
 e - a scroll of enchant weapon {unknown}
 f - 2 scrolls of identify {unknown}
 h - a scroll of amnesia {unknown}
Potions
 g - a potion of attraction


   Skills:
 + Level 3.3 Fighting
 + Level 3.3 Axes
 + Level 2.5 Armour
 + Level 1.6 Dodging
 + Level 0.2 Stealth


You had 2 spell levels left.
You didn't know any spells.
Your spell library contained the following spells:

 Spells                   Type           Power      Damage    Failure   Level
 Summon Forest            Summ/Tloc      0%         N/A       100%        5
 Eringya's Noxious Bog    Alch           0%         4d6       100%        6
 Summon Hydra             Summ           0%         N/A       100%        7


Dungeon Overview and Level Annotations

Branches:
Dungeon (2/15)

Altars:


Innate Abilities, Weirdness & Mutations

You regain HP and MP as you explore.


Message History

You barely miss the adder.
The adder is severely wounded.
The adder closely misses you.
You miss the adder.
The adder is severely wounded.
The adder bites you but does no damage. x2
You closely miss the adder.
The adder is severely wounded.
The adder closely misses you.
You closely miss the adder.
The adder is heavily wounded.
The adder closely misses you. The adder bites you.
* * * LOW HITPOINT WARNING * * *
You barely miss the adder.
The adder is heavily wounded.
The adder bites you.
* * * LOW HITPOINT WARNING * * *
You are lethally poisoned!
The adder poisons you!
Okay, then.
It was a potion of attraction.
You feel attractive to monsters.
Xom thinks this is hilarious!
* * * LOW HITPOINT WARNING * * *
You feel sick. The adder bites you but does no damage.
You aren't carrying any items that you can evoke.
Okay, then.
Unknown command.
Unknown command.
You hit the adder.
The adder seems to grow stronger.
The adder is almost dead.
* * * LOW HITPOINT WARNING * * *
You feel sick. The adder bites you.
* * * LOW HITPOINT WARNING * * *
The adder barely misses you.
You closely miss the adder.
The adder is almost dead.
* * * LOW HITPOINT WARNING * * *
You feel sick. The adder bites you.
You die...

## #########.#####
######.............#
#......#######.###.#########
#.###### ##...##.........# #.#
#.....#########.# #.# ##...## #.#
##.##### ##.## #.# #......# #S#
##.## #..###.## #@# #...#
#.......# ##+## #...# ##.......#
##...## #...# ########.#
##.....## ####.# # ##.#)#
##.......## ##.##.#
#####..†.###.........####...#.###
...........'.........+...........
###......###.....^...####...#.###
# #.###....##.......## #...##.#


You could see an adder (strong).

Vanquished Creatures
  3 dart slugs
  5 bats (D:1)
  2 endoplasms (D:2)
  3 hobgoblins
  4 jackals (D:2)
  2 quokkas (D:2)
  A ball python (D:1)
  2 frilled lizards
  2 goblins (D:2)
  3 kobolds
  A rat (D:1)
28 creatures vanquished.

Notes
Turn   | Place    | Note
-------+----------+-------------------------------------------
     0 | D:1      | Anon1729 the Human Chaos Knight began the quest for the
                  | Orb.
     0 | D:1      | Reached XP level 1. HP: 18/18 MP: 1/1
   252 | D:1      | Reached XP level 2. HP: 24/24 MP: 2/2
   448 | D:1      | You fall into a shaft and drop 1 floor!
   575 | D:2      | Reached XP level 3. HP: 23/29 MP: 3/3
   789 | D:2      | Found a faded altar of an unknown god.
   853 | D:1      | HP: 1/29 [adder (1)]
   854 | D:1      | Slain by an adder

Illustrated notes

Levels and vault maps discovered:
D:1:      minmay_arrival_jagged, layout_loops_corners
D:2:      layout_loops_ring, nicolae_ecumenical_pavilion, uniq_terence

Action                     || total
---------------------------++-------
  Melee: Hand axe          ||    90
    Use: Potion            ||     1
 Armour: Leather armour    ||    84
  Dodge: Dodged            ||    83

Table legend: (Time is in decaauts)
 A = Elapsed time spent in this place.
 B = Non-inter-level travel time spent in this place.
 C = Inter-level travel time spent in this place.
 D = Time resting spent in this place.
 E = Time spent auto-exploring this place.
 F = Levels seen in this place.
 G = Mean time per level.
                   A        B        C        D        E       F      G
               +--------+--------+--------+--------+--------+-----+--------+
         Total |    867 |    867 |      0 |     10 |    620 |   2 |  433.5 |
       Dungeon |    867 |    867 |      0 |     10 |    620 |   2 |  433.5 |
               +--------+--------+--------+--------+--------+-----+--------+

Top non-repeatable levels by time:
     D:1: 467 daAuts
     D:2: 399 daAuts
